 Dungeon Crawl Stone Soup version 0.29-a0-1027-gcd8c55af63 (webtiles) character file.

Game seed: 5584437760848673980

136 nicolae the Trooper (level 5, 0/40 HPs)
             Began as a Djinni Transmuter on Aug 13, 2022.
             Slain by a gnoll
             ... wielding a +0 whip
              (8 damage)
             ... on level 3 of the Dungeon.
             The game lasted 00:04:31 (3139 turns).

nicolae the Trooper (Djinni Transmuter)             Turns: 3139, Time: 00:04:32

Health: 0/40       AC:  2    Str:  9    XL:     5   Next: 43%
Gold:   165        EV: 16    Int: 16    God:
                   SH:  0    Dex: 14

rFire   + + .      SeeInvis .     - Unarmed
rCold   x . .      Faith    .   (no shield)
rNeg    . . .      Spirit   .   a - +0 robe
rPois   ∞          Reflect  .   (no helmet)
rElec   .          Harm     .   j - scarf {repulsion}
rCorr   .          Rampage  .   (no gloves)
Will    .....                   (boots unavailable)
Stlth   +.........              (no amulet)
HPRegen 0.13/turn               d - +4 ring of evasion
MPRegen 0.00/turn               (no ring)

@: wereblooded, flying, repel missiles
A: sickness immunity, fire resistance 2, cold vulnerability 1, float, innate
caster, HP casting, extra vitality 1
a: no special abilities


You were on level 3 of the Dungeon.
You visited 1 branch of the dungeon, and saw 3 of its levels.

You collected 165 gold pieces.

Inventory:

Missiles
 g - 4 javelins
Armour
 a - a +0 robe (worn)
 j - a scarf of repulsion (worn)
Jewellery
 d - a +4 ring of evasion (left hand)
Scrolls
 c - a scroll of brand weapon {unknown}
 h - 3 scrolls of magic mapping
 k - a scroll of immolation {unknown}
 l - a scroll of fear {unknown}
 m - a scroll of teleportation {unknown}
 o - a scroll of identify {unknown}
Potions
 b - a potion of lignification
 e - 4 potions of curing
 f - a potion of might {unknown}
 i - a potion of brilliance {unknown}
 n - a potion of resistance {unknown}


   Skills:
 + Level 3.4 Fighting
 - Level 2.1 Dodging
 - Level 3.0 Unarmed Combat
 + Level 3.0 Spellcasting


You couldn't memorise any spells.
You knew the following spells:

 Your Spells              Type           Power      Damage    Failure   Level
a - Beastly Appendage     Tmut           24%        N/A       5%          1
b - Wereblood             Tmut           12%        N/A       9%          2
c - Spider Form           Tmut/Pois      12%        N/A       16%         3
d - Ice Form              Ice/Tmut       12%        N/A       47%         4
e - Slow                  Hex            48%        N/A       5%          1
f - Scorch                Fire           24%        2d6       9%          2
Your spell library was empty.

Dungeon Overview and Level Annotations

Branches:
Dungeon (3/15)

Altars:
Fedhas
Xom


Innate Abilities, Weirdness & Mutations

You are immune to sickness and miasma.
You are immune to poison.
Your flesh is very heat resistant. (rF++)
You are vulnerable to cold. (rC-)
You float through the air rather than walking.
You learn spells naturally, not from books.
Your magical power is your life essence.
You have superior vitality. (+4 MHP)


Message History

The gnoll misses you.
The gnoll hits you from afar with a +0 spear.
* * * LOW HITPOINT WARNING * * *
Cast which spell? (? or * to list)
Your blood is infused with primal strength.
* * * LOW HITPOINT WARNING * * *
The gnoll misses you.
The gnoll hits you from afar with a +0 spear.
* * * LOW HITPOINT WARNING * * *
You hit the gnoll. You headbutt the gnoll.
You feel a bit better.
You kill the gnoll!
Your horns disappear.
The gnoll hits you but does no damage.
Your Spellcasting skill increases to level 3!
You hit the orc.
The orc is severely wounded.
You howl as the wereblood boils in your veins!
The orc barely misses you. The gnoll barely misses you.
You barely miss the orc.
The orc is severely wounded.
The orc misses you. The gnoll misses you.
You hit the orc.
You feel a bit better.
You kill the orc!
The gnoll barely misses you.
You hit the gnoll.
The gnoll is moderately wounded.
The gnoll closely misses you.
You hit the gnoll.
The gnoll is lightly wounded.
The gnoll misses you. The gnoll closely misses you. The gnoll misses you.
You hit the gnoll.
The gnoll is moderately wounded.
You howl as the wereblood boils in your veins!
The gnoll barely misses you. The gnoll closely misses you.
The gnoll hits you with a +0 whip.
* * * LOW HITPOINT WARNING * * *
You hit the gnoll.
The gnoll is heavily wounded.
The gnoll hits you with a +0 whip!
You die...

#.............#
.............# ..
#........##..##### #.
##..#.##.##...)... #..
##.#....##.###### #...
#.#.##.##.# ...#
##.#.##.##.# .#.#..#
##..........#
....g..###@###########
#......ggg#
#..##.##g### .. >....
.....##.##.# .g... #.#
# .... #.# . . #.# ...


You could see 3 gnolls and a goblin.

Vanquished Creatures
  A hound (D:3)
  Terence (D:3)
  A gnoll (D:3)
  2 adders
  A worm (D:2)
  4 dart slugs
  An orc (D:3)
  8 ball pythons
  3 bats
  3 endoplasms
  2 giant cockroaches (D:1)
  6 goblins
  A hobgoblin (D:1)
  3 quokkas
  3 frilled lizards
  A kobold (D:1)
  4 rats
45 creatures vanquished.

Notes
Turn   | Place    | Note
-------+----------+-------------------------------------------
     0 | D:1      | nicolae the Djinni Transmuter began the quest for the Orb.
     0 | D:1      | nicolae set off with the following spells memorised:
                  | Beastly Appendage, Wereblood, Spider Form, Ice Form.
     0 | D:1      | Reached XP level 1. HP: 17/17 MP: 0/0
   163 | D:1      | Reached XP level 2. HP: 9/22 MP: 0/0
  1248 | D:1      | Reached XP level 3. HP: 27/28 MP: 0/0
  1248 | D:1      | Learned a level 1 spell: Slow
  1257 | D:1      | Found a faded altar of an unknown god.
  1859 | D:2      | Found a shimmering altar of Xom.
  2107 | D:2      | Reached XP level 4. HP: 25/34 MP: 0/0
  2773 | D:3      | Reached XP level 5. HP: 38/40 MP: 0/0
  2773 | D:3      | Learned a level 2 spell: Scorch
  2809 | D:3      | Found a blossoming altar of Fedhas.
  2809 | D:3      | Noticed Terence
  2834 | D:3      | HP: 1/40 [Terence/+0 short sword (4)]
  2838 | D:3      | Killed Terence
  3139 | D:3      | Slain by a gnoll

Illustrated notes

Levels and vault maps discovered:
D:1:      lemuel_arrival_cross, layout_loops_ring, shapermc_ecumenical_altar_gd,
          minmay_door_square
D:2:      layout_rooms, basic_altar
D:3:      layout_loops_cross, amcnicky_altar_gilded,
          nicolae_vehumet_altar_sigil, uniq_terence

Skill      XL: |  1  2  3  4  5 |
---------------+----------------+-----
Spellcasting   | 2 3 |  3.0
Fighting       | 2 3 |  3.4
Dodging        | |  2.1
Unarmed Combat | |  3.0

Action                   |  1- 3 |  4- 6 || total
-------------------------+-------+-------++-------
Melee: Unarmed           |   114 |    73 ||   187
       Headbutt          |    17 |     7 ||    24
       Punch             |     1 |     3 ||     4
 Cast: Beastly Appendage |    25 |     8 ||    33
       Scorch            |       |     4 ||     4
       Wereblood         |       |     1 ||     1
  Use: Scroll            |       |     1 ||     1
       Potion            |       |     2 ||     2
 Stab: Sleeping          |     1 |       ||     1
Armor: Robe              |    19 |    10 ||    29
Dodge: Dodged            |    99 |    67 ||   166

Table legend: (Time is in decaauts)
 A = Elapsed time spent in this place.
 B = Non-inter-level travel time spent in this place.
 C = Inter-level travel time spent in this place.
 D = Time resting spent in this place.
 E = Time spent auto-exploring this place.
 F = Levels seen in this place.
 G = Mean time per level.
                   A        B        C        D        E       F      G
               +--------+--------+--------+--------+--------+-----+--------+
         Total |   3128 |   3094 |     34 |    454 |   2219 |   3 | 1042.7 |
       Dungeon |   3128 |   3094 |     34 |    454 |   2219 |   3 | 1042.7 |
               +--------+--------+--------+--------+--------+-----+--------+

Top non-repeatable levels by time:
     D:1: 1502 daAuts
     D:2: 907 daAuts
     D:3: 718 daAuts
